 Dungeon Crawl Stone Soup version 0.21-a0-442-g848f44b (webtiles) character file.

58 slep the Slasher (level 3, -3/29 HPs)
             Began as a Minotaur Wanderer on Nov 17, 2017.
             Slain by a worm (9 damage)
             ... on level 2 of the Dungeon.
             The game lasted 00:03:22 (937 turns).

slep the Slasher (Minotaur Wanderer)                 Turns: 937, Time: 00:03:22

Health: -3/29      AC:  2    Str: 16    XL:     3   Next: 75%
Magic:  4/4        EV: 11    Int: 10    God:
Gold:   91         SH:  0    Dex:  9    Spells: 5/5 levels left

rFire    . . .     SeeInvis .   c - +0 falchion
rCold    . . .     Gourm    .   (no shield)
rNeg     . . .     Faith    .   h - +0 robe (curse)
rPois    .         Spirit   .   (helmet restricted)
rElec    .         Reflect  .   (no cloak)
rCorr    .         Harm     .   (no gloves)
MR       .....                  (no boots)
Stlth    ++........             (no amulet)
HPRegen  0.09/turn              m - ring of wizardry
MPRegen  0.09/turn              (no ring)

@: no status effects
A: retaliatory headbutt, horns 2
a: no special abilities


You were on level 2 of the Dungeon.
You were not hungry.

You visited 1 branch of the dungeon, and saw 2 of its levels.

You collected 91 gold pieces.

Inventory:

Hand Weapons
 c - a +0 falchion (weapon)
 e - a +0 dagger
 j - a cursed +0 dagger
Armour
 d - a +0 robe
 h - a cursed +0 robe (worn)
Jewellery
 m - a ring of wizardry (left hand)
Scrolls
 g - a scroll of identify {unknown}
 i - 4 scrolls of remove curse {unknown}
Potions
 l - 2 potions of curing {unknown}
Books
 a - a book of Minor Magic

   Spells                             Type                      Level
   a - Magic Dart                     Conjuration                  1
   b - Blink                          Translocation                2
   c - Call Imp                       Summoning                    2
   d - Slow                           Hexes                        2
   e - Conjure Flame                  Conjuration/Fire             3
   f - Mephitic Cloud                 Conjuration/Poison/Air       3
 b - Zirit's Papyrus of Dark Rituals

   Spells                             Type                      Level
   a - Animate Skeleton               Necromancy                   1
   b - Regeneration                   Charms/Necromancy            3
Comestibles
 f - 4 bread rations
 k - 3 fruits


   Skills:
 + Level 1.7 Fighting
 + Level 3.4 Long Blades
 + Level 0.6 Dodging
 + Level 2.4 Stealth
   Level 2.4 Shields
 + Level 1.7 Spellcasting
   Level 1.0 Summonings


You had 5 spell levels left.
You didn't know any spells.

Dungeon Overview and Level Annotations

Branches:
Dungeon (2/15)

Altars:
Trog


Innate Abilities, Weirdness & Mutations

You reflexively headbutt those who attack you in melee.
You have a pair of horns on your head.


Message History

You riposte.
You barely miss the adder. You headbutt the adder!
The adder is almost dead.
You barely miss the adder.
The adder is almost dead.
The adder barely misses you. You furiously retaliate!
You headbutt the adder.
You kill the adder!
A worm comes into view.
Found 13 gold pieces.
You see here a scroll labeled UVIAPY ISM.
The worm closely misses you.
You hit the worm.
The worm is lightly wounded.
You hit the worm.
The worm is moderately wounded.
The worm bites you!
* * * LOW HITPOINT WARNING * * *
You slash the worm!
The worm is severely wounded.
The worm bites you!
You die...

###.#.##.#
#.......##..#
##......#
##.#....###..#
#...#####
#.#..........
#....#
#..†#####.###.
##.#...# ###..#
..# .. #.###....
#....# .# .. #.#
###..###.#..####.
.. #.#
#....?........
..# ###...@####.#
.##
........w......
###............
#......#..###
#......#.##
......#.$ #
...........
....... #..


You could see a worm.

Vanquished Creatures
  3 adders (D:2)
  An ooze (D:2)
  3 dart slugs (D:1)
  A leopard gecko (D:1)
  5 goblins
  A hobgoblin (D:1)
  A ball python (D:2)
  3 bats
  2 frilled lizards (D:1)
  3 rats
23 creatures vanquished.

Notes
Turn   | Place    | Note
-------+----------+-------------------------------------------
     0 | D:1      | slep the Minotaur Wanderer began the quest for the Orb.
     0 | D:1      | slep set off with: a book of Minor Magic, Zirit's Papyrus of Dark Rituals, a +0 falchion, a +0 robe, a +0 dagger, a bread ration
     0 | D:1      | Reached XP level 1. HP: 16/16 MP: 1/1
   108 | D:1      | Reached XP level 2. HP: 15/23 MP: 3/3
   393 | D:1      | Reached skill level 3 in Long Blades
   704 | D:2      | Reached XP level 3. HP: 12/28 MP: 4/4
   706 | D:2      | Found a bloodstained altar of Trog.
   937 | D:2      | Slain by a worm

Vault maps used:
D:1:      kennysheep_arrival_forest, minivault_5
D:2:      old_standard_altar, palyth_stone_intersect, st_stairs_11,
          fedhas_altar_4

Skill      XL: |  1  2 |
---------------+-------+-----
Long Blades    | 3 |  3.4
Stealth        | 2 |  2.4
Fighting       | |  1.7
Dodging        | |  0.6
Shields        | |  2.4
Spellcasting   | |  1.7
Summonings     | |  1.0

Action                   || total
-------------------------++-------
Melee: Falchion          ||    55
       Headbutt          ||     7
 Stab: Sleeping          ||     4
Armor: Robe              ||     9
Dodge: Dodged            ||    31
       Rpst.: Falchion   ||     4

Table legend:
 A = Spawn XP
 B = Non-spawn XP
 C = Spawn XP percentage of total XP
 D = Spawn monster count
 E = Non-spawn monster count
 F = Spawn count percentage of total count
 G = Total turns spent on level
                    A         B        C        D         E        F      G
               +---------+---------+-------+---------+---------+-------+---------
         Total |       0 |      83 |   0.0 |       0 |      23 |   0.0 |   937
               +---------+---------+-------+---------+---------+-------+---------
           D:1 |       0 |      29 |   0.0 |       0 |      13 |   0.0 |   695
           D:2 |       0 |      54 |   0.0 |       0 |      10 |   0.0 |   242
               +---------+---------+-------+---------+---------+-------+---------
